AoeStats
← aal4493

Glade

510720194Analyzed
1v1 RM · 22h ago on Oct 2, 2026· 16m 23s· 2 players
Game mode
Random Map
Map size
Tiny (2 player)
Population
200
Speed
Normal
Resources
Standard
Victory
Conquest
Starting age
Dark Age
Ending age
Imperial Age
RankedLock teamsTeams togetherTeam positionsShared explorationLock speedFull tech treeHidden civsTurbo modeCheats
Victory
Defeat
🇨🇳 Romans · China
286
+15
🇮🇳 Koreans · India
255
-15
aal4493
11:17 Feudal Age
10:39 Loom
13:11 Man-at-Arms
Governor1234
12:34 Feudal Age
13:49 Man-at-Arms
14:37 Scale Mail Armor
15:22 Double-Bit Axe
15:53 Forging
Connection lost

Rejoining the realm…

Still unreachable

The connection could not be restored.

Session expired

The server has moved on; the page needs a fresh start.